APP
PULASKI YANKEES @ OAKLAND (APP) ATHLETICS
05/31/2049
 
TOP OF THE 1ST
Pulaski Yankees batting - Pitching for Oakland (APP) Athletics : RHP Juan Luna
Pitching: RHP Juan Luna
Batting: RHB Jim O'Dwyer 0-0: Ball
1-0: Called Strike
1-1: Called Strike
1-2: Ball
2-2: Strikes out swinging
Batting: RHB Ken Stair 0-0: Ball
1-0: Called Strike
1-1: Called Strike
1-2: Ball
2-2: Foul Ball, location: 2F
2-2: Strikes out swinging
Batting: SHB Dylan Best 0-0: Reached on error, E5 (Groundball, 56, EV 81.9 MPH)
Batting: LHB Dave Ortiz 0-0: Hit by Pitch
Dylan Best to second
Batting: RHB Jonathan Feldstein 0-0: Ball
1-0: Ball
2-0: Called Strike
2-1: Fly out, F9 (Flyball, 89S, EV 80.0 MPH)
Top of the 1st over - 0 runs, 0 hits, 1 error, 2 left on base; Pulaski 0 - Oakland (APP) 0
BOTTOM OF THE 1ST
Oakland (APP) Athletics batting - Pitching for Pulaski Yankees : LHP Gordon Jing
Pitching: LHP Gordon Jing
Batting: RHB Gabe Secundino 0-0: Ball
1-0: Ball
2-0: Ball
3-0: Called Strike
3-1: Called Strike
3-2: Strikes out swinging
Batting: SHB Raul Herrera 0-0: Swinging Strike
0-1: Called Strike
0-2: Foul Ball, location: 2F
0-2: Ball
1-2: Ball
2-2: Strikes out swinging
Batting: RHB Phoctor Dill 0-0: Called Strike
0-1: Ball
1-1: Ball
2-1: Foul Ball, location: 2F
2-2: Foul Ball, location: 2F
2-2: SOLO HOME RUN (Flyball, 9D, EV 93.8 MPH), Distance : 359 ft
Batting: RHB Pete Goerge 0-0: Ball
1-0: Ball
2-0: Ball
3-0: Called Strike
3-1: Base on Balls
Batting: RHB Toyohiko Nakajima 0-0: Foul Ball, location: 2F
0-1: Ball
1-1: Ground out 1-3 (Groundball, 25, EV 65.0 MPH)
Bottom of the 1st over - 1 run, 1 hit, 0 errors, 1 left on base; Pulaski 0 - Oakland (APP) 1
TOP OF THE 2ND
Pulaski Yankees batting - Pitching for Oakland (APP) Athletics : RHP Juan Luna
Batting: RHB Victor Garcia 0-0: Ball
1-0: Ball
2-0: Called Strike
2-1: Foul Ball, location: 2F
2-2: Strikes out swinging
Batting: RHB Bailey Hays 0-0: SINGLE (Line Drive, 34, EV 98.8 MPH)
Batting: RHB Scott Cuff 0-0: Ball
1-0: Called Strike
Bailey Hays is caught stealing 2nd base 2-4
1-1: Ball
2-1: Ball
3-1: Base on Balls
Batting: RHB Juan Perez 0-0: Called Strike
0-1: Ball
1-1: Ground out 6-3 (Groundball, 6S, EV 92.5 MPH)
Top of the 2nd over - 0 runs, 1 hit, 0 errors, 1 left on base; Pulaski 0 - Oakland (APP) 1
BOTTOM OF THE 2ND
Oakland (APP) Athletics batting - Pitching for Pulaski Yankees : LHP Gordon Jing
Batting: LHB Ben Landry 0-0: Swinging Strike
0-1: Called Strike
0-2: SINGLE (Line Drive, 7S, EV 106.2 MPH)
Batting: LHB Diego Vega 0-0: Called Strike
0-1: Called Strike
0-2: Ball
1-2: Foul Ball, location: 2F
1-2: Foul Ball, location: 2F
1-2: Fielders Choice at 2nd, 5-4 (Groundball, 5, EV 83.8 MPH)
Batting: LHB Bryan Hodensack 0-0: Fielders Choice at 2nd, 1-6 (Groundball, 13S, EV 75.0 MPH)
Batting: RHB Dave Villarreal 0-0: Ball
Wild Pitch!
Bryan Hodensack to second
1-0: Ball
2-0: Foul Ball, location: 2F
2-1: Foul Ball, location: 2F
2-2: Ball
3-2: Base on Balls
Batting: RHB Gabe Secundino 0-0: Ball
1-0: Ground out 4-3 (Groundball, 4, EV 93.1 MPH)
Bottom of the 2nd over - 0 runs, 1 hit, 0 errors, 2 left on base; Pulaski 0 - Oakland (APP) 1
TOP OF THE 3RD
Pulaski Yankees batting - Pitching for Oakland (APP) Athletics : RHP Juan Luna
Batting: RHB Jim O'Dwyer 0-0: Ball
1-0: Swinging Strike
1-1: Ball
2-1: Swinging Strike
2-2: Strikes out swinging
Batting: RHB Ken Stair 0-0: Foul Ball, location: 2F
0-1: SINGLE (Groundball, 34D, EV 100.6 MPH)
Batting: SHB Dylan Best 0-0: Ball
1-0: Swinging Strike
1-1: Ball
2-1: Called Strike
2-2: Ball
3-2: Strikes out swinging
Batting: LHB Dave Ortiz 0-0: Ball
1-0: Ball
2-0: Swinging Strike
2-1: Fly out, F9 (Flyball, 8RD, EV 96.2 MPH)
Top of the 3rd over - 0 runs, 1 hit, 0 errors, 1 left on base; Pulaski 0 - Oakland (APP) 1
BOTTOM OF THE 3RD
Oakland (APP) Athletics batting - Pitching for Pulaski Yankees : LHP Gordon Jing
Batting: SHB Raul Herrera 0-0: Called Strike
0-1: Ground out 5-3 (Groundball, 56S, EV 66.9 MPH)
Batting: RHB Phoctor Dill 0-0: Called Strike
0-1: Ball
1-1: SINGLE (Groundball, 56S, EV 71.9 MPH) (infield hit)
Batting: RHB Pete Goerge 0-0: Called Strike
0-1: Ball
1-1: Ball
2-1: Called Strike
2-2: Foul Ball, location: 2F
2-2: DOUBLE (Line Drive, 9LD, EV 112.5 MPH)
Phoctor Dill to third
Runner from 3rd tries for Home, SAFE, no throw by RF
Batting: RHB Toyohiko Nakajima 0-0: Swinging Strike
0-1: Ball
1-1: Swinging Strike
1-2: Ball
2-2: Foul Ball, location: 2F
2-2: Foul Ball, location: 2F
2-2: Strikes out swinging
Batting: LHB Ben Landry 0-0: Called Strike
0-1: Swinging Strike
0-2: Strikes out looking
Bottom of the 3rd over - 1 run, 2 hits, 0 errors, 1 left on base; Pulaski 0 - Oakland (APP) 2
TOP OF THE 4TH
Pulaski Yankees batting - Pitching for Oakland (APP) Athletics : RHP Juan Luna
Batting: RHB Jonathan Feldstein 0-0: Swinging Strike
0-1: Ball
1-1: Ball
2-1: Ball
3-1: Base on Balls
Batting: RHB Victor Garcia 0-0: Grounds into double play, 6-4-3 (Groundball, 6MS, EV 86.2 MPH)
Batting: RHB Bailey Hays 0-0: Ball
1-0: Fly out, F9 (Line Drive, 9, EV 96.2 MPH)
Top of the 4th over - 0 runs, 0 hits, 0 errors, 0 left on base; Pulaski 0 - Oakland (APP) 2
BOTTOM OF THE 4TH
Oakland (APP) Athletics batting - Pitching for Pulaski Yankees : LHP Gordon Jing
Batting: LHB Diego Vega 0-0: Swinging Strike
0-1: Ball
1-1: Ground out 3-1 (Groundball, 34S, EV 86.9 MPH)
Batting: LHB Bryan Hodensack 0-0: Ball
1-0: Ball
2-0: Ball
3-0: Called Strike
3-1: Called Strike
3-2: Foul Ball, location: 2F
3-2: Strikes out swinging
Batting: RHB Dave Villarreal 0-0: Foul Ball, location: 2F
0-1: Ball
1-1: Foul Ball, location: 2F
1-2: Strikes out swinging
Bottom of the 4th over - 0 runs, 0 hits, 0 errors, 0 left on base; Pulaski 0 - Oakland (APP) 2
TOP OF THE 5TH
Pulaski Yankees batting - Pitching for Oakland (APP) Athletics : RHP Juan Luna
Batting: RHB Scott Cuff 0-0: Called Strike
0-1: Ball
1-1: Ball
2-1: Called Strike
2-2: Strikes out swinging
Batting: RHB Juan Perez 0-0: Ball
1-0: Ball
2-0: Foul Ball, location: 2F
2-1: Reached on error, E8 (Flyball, 8LS, EV 83.8 MPH)
Batting: RHB Jim O'Dwyer 0-0: Foul Ball, location: 2F
0-1: SINGLE (Groundball, 4MD, EV 106.2 MPH)
Juan Perez to second
Batting: RHB Ken Stair 0-0: Called Strike
0-1: Ball
1-1: SINGLE (Groundball, 3L, EV 110.6 MPH) (infield hit)
Juan Perez to third
Jim O'Dwyer to second
Batting: SHB Dylan Best 0-0: Called Strike
0-1: Fly out, F7 (Flyball, 7, EV 80.6 MPH)
Runner from 3rd tags up, OUT at HOME! 7-2
Top of the 5th over - 0 runs, 2 hits, 1 error, 2 left on base; Pulaski 0 - Oakland (APP) 2
BOTTOM OF THE 5TH
Oakland (APP) Athletics batting - Pitching for Pulaski Yankees : LHP Gordon Jing
Batting: RHB Gabe Secundino 0-0: Called Strike
0-1: Ball
1-1: Swinging Strike
1-2: Foul Ball, location: 2F
1-2: Foul Ball, location: 2F
1-2: Foul Ball, location: 2F
1-2: Strikes out swinging
Batting: SHB Raul Herrera 0-0: Foul Ball, location: 2F
0-1: Ball
1-1: Fly out, F7 (Flyball, 7, EV 90.6 MPH)
Batting: RHB Phoctor Dill 0-0: Fly out, F2 (Popup, 2L, EV 91.2 MPH)
Bottom of the 5th over - 0 runs, 0 hits, 0 errors, 0 left on base; Pulaski 0 - Oakland (APP) 2
TOP OF THE 6TH
Pulaski Yankees batting - Pitching for Oakland (APP) Athletics : RHP Juan Luna
Batting: LHB Dave Ortiz 0-0: Foul Ball, location: 2F
0-1: Ball
1-1: Called Strike
1-2: Strikes out looking
Batting: RHB Jonathan Feldstein 0-0: Called Strike
0-1: Ball
1-1: Fly out, F7 (Flyball, 7S, EV 86.2 MPH)
Batting: RHB Victor Garcia 0-0: Ball
1-0: Ball
2-0: Called Strike
2-1: Called Strike
2-2: Strikes out swinging
Top of the 6th over - 0 runs, 0 hits, 0 errors, 0 left on base; Pulaski 0 - Oakland (APP) 2
BOTTOM OF THE 6TH
Oakland (APP) Athletics batting - Pitching for Pulaski Yankees : LHP Gordon Jing
Batting: RHB Pete Goerge 0-0: Fly out, F8 (Flyball, 89D, EV 88.1 MPH)
Batting: RHB Toyohiko Nakajima 0-0: Ball
1-0: Ball
2-0: Foul Ball, location: 2F
2-1: Swinging Strike
2-2: Foul Ball, location: 2F
2-2: Strikes out swinging
Batting: LHB Ben Landry 0-0: Swinging Strike
0-1: Ball
1-1: Foul Ball, location: 2F
1-2: Strikes out swinging
Bottom of the 6th over - 0 runs, 0 hits, 0 errors, 0 left on base; Pulaski 0 - Oakland (APP) 2
TOP OF THE 7TH
Pulaski Yankees batting - Pitching for Oakland (APP) Athletics : RHP Juan Luna
Batting: RHB Bailey Hays 0-0: Foul Ball, location: 2F
0-1: Ball
1-1: Ball
2-1: Swinging Strike
2-2: Strikes out looking
Batting: RHB Scott Cuff 0-0: Ball
1-0: Fly out, F7 (Flyball, 7S, EV 90.6 MPH)
Batting: RHB Juan Perez 0-0: Foul Ball, location: 2F
0-1: Ball
1-1: Ground out 6-3 (Groundball, 6, EV 77.5 MPH)
Top of the 7th over - 0 runs, 0 hits, 0 errors, 0 left on base; Pulaski 0 - Oakland (APP) 2
BOTTOM OF THE 7TH
Oakland (APP) Athletics batting - Pitching for Pulaski Yankees : LHP Gordon Jing
Batting: LHB Diego Vega 0-0: Called Strike
0-1: Called Strike
0-2: Ball
1-2: Ball
2-2: Foul Ball, location: 2F
2-2: Strikes out swinging
Pitching: RHP Jose Palacio
Batting: LHB Bryan Hodensack 0-0: Called Strike
0-1: Foul Ball, location: 2F
0-2: Ball
1-2: Strikes out swinging
Batting: RHB Dave Villarreal 0-0: Ball
1-0: Ball
2-0: Ball
3-0: Base on Balls
Batting: RHB Gabe Secundino 0-0: Ball
Wild Pitch!
Dave Villarreal to second
1-0: Foul Ball, location: 2F
1-1: Called Strike
1-2: Ball
2-2: Foul Ball, location: 2F
2-2: Ball
3-2: Ground out 4-3 (Groundball, 4, EV 83.8 MPH)
Bottom of the 7th over - 0 runs, 0 hits, 0 errors, 1 left on base; Pulaski 0 - Oakland (APP) 2
TOP OF THE 8TH
Pulaski Yankees batting - Pitching for Oakland (APP) Athletics : RHP Juan Luna
Pinch Hitting: RHB Paul Ngumi 0-0: Called Strike
0-1: Ball
1-1: Ball
2-1: Foul Ball, location: 2F
2-2: Foul Ball, location: 2F
2-2: Fly out, F8 (Flyball, 8RD, EV 101.9 MPH)
Batting: RHB Ken Stair 0-0: Ball
1-0: Foul Ball, location: 2F
1-1: Called Strike
1-2: Ball
2-2: Fly out, F8 (Flyball, 8RM, EV 98.8 MPH)
Batting: SHB Dylan Best 0-0: Ball
1-0: Ground out 4-3 (Groundball, 4, EV 89.4 MPH)
Top of the 8th over - 0 runs, 0 hits, 0 errors, 0 left on base; Pulaski 0 - Oakland (APP) 2
BOTTOM OF THE 8TH
Oakland (APP) Athletics batting - Pitching for Pulaski Yankees : RHP Jose Palacio
Now at 1B: Chris Viehman
Batting: SHB Raul Herrera 0-0: Ball
1-0: Ball
2-0: Ball
3-0: Called Strike
3-1: Base on Balls
Batting: RHB Phoctor Dill 0-0: Ball
1-0: Foul Ball, location: 2F
1-1: Ball
2-1: SINGLE (Flyball, 4MD, EV 88.8 MPH)
Raul Herrera to second
Batting: RHB Pete Goerge 0-0: Called Strike
0-1: Swinging Strike
0-2: Strikes out swinging
Pitching: RHP Mauricio Zambrana
Batting: RHB Toyohiko Nakajima 0-0: Ball
1-0: Ball
2-0: Called Strike
2-1: Grounds into double play, 6-4-3 (Groundball, 6, EV 80.6 MPH)
Bottom of the 8th over - 0 runs, 1 hit, 0 errors, 1 left on base; Pulaski 0 - Oakland (APP) 2
TOP OF THE 9TH
Pulaski Yankees batting - Pitching for Oakland (APP) Athletics : RHP Juan Luna
Pitching: LHP Noah Young
Batting: LHB Dave Ortiz 0-0: Ball
1-0: Ball
2-0: Swinging Strike
2-1: Ground out 4-3 (Groundball, 4, EV 83.8 MPH)
Pinch Hitting: RHB Yasuoka Tsuda 0-0: Called Strike
0-1: Swinging Strike
0-2: Ball
1-2: Foul Ball, location: 2F
1-2: Strikes out swinging
Batting: RHB Victor Garcia 0-0: Foul Ball, location: 2F
0-1: Ball
1-1: Ball
2-1: Called Strike
2-2: Strikes out swinging
Top of the 9th over - 0 runs, 0 hits, 0 errors, 0 left on base; Pulaski 0 - Oakland (APP) 2
Sunday, July 16th , 2023 - OOTP Baseball 24.6 Build 69